 Dungeon Crawl Stone Soup version 0.30.0 (webtiles) character file.

Game seed: 14396933006714804030

233 Dani the Chopper (level 5, 0/41 HPs)
             Began as a Demonspawn Fighter on May 20, 2023.
             Was an Initiate of Gozag.
             Slain by an orc
             ... wielding a +0 short sword
              (5 damage)
             ... on level 4 of the Dungeon.
             The game lasted 00:04:26 (2786 turns).

Dani the Chopper (Demonspawn Fighter)               Turns: 2786, Time: 00:04:27

Health: 0/41       AC:  8    Str: 16    XL:     5   Next: 75%
Magic:  5/5        EV:  5    Int: 11    God:    Gozag
Gold:   293        SH:  5    Dex: 19    Spells: 4/4 levels left

rFire   . . .        a - +0 war axe (heavy)
rCold   . . .        c - +0 buckler
rNeg    . . .        b - +1 scale mail
rPois   .            (no helmet)
rElec   .            (no cloak)
rCorr   .            p - +0 pair of gloves
SInv    .            (no boots)
Will    .....        (no amulet) Stlth
                     n - +6 ring of dexterity
HPRegen 0.26/turn    (no ring)
MPRegen 0.09/turn

%: no passive effects
@: brilliant, gold aura, on berserk cooldown, hasted and slowed, constricted
A: hooves 1, icemail 1, condensation shield
a: Renounce Religion, Potion Petition, Call Merchant, Bribe Branch


You were on level 4 of the Dungeon.
You worshipped Gozag.
Gozag was aware of your devotion.
You visited 1 branch of the dungeon, and saw 4 of its levels.

You collected 293 gold pieces.

Inventory:

Hand Weapons
 a - a +0 heavy war axe (weapon)
Missiles
 o - 6 poisoned darts (quivered)
Armour
 b - a +1 scale mail (worn)
 c - a +0 buckler (worn)
 p - a +0 pair of gloves (worn)
   (You found it on level 3 of the Dungeon)
Jewellery
 e - a +6 ring of intelligence
   (You found it on level 1 of the Dungeon)
 g - a ring of positive energy
   (You found it on level 1 of the Dungeon)
 i - a ring of ice
   (You found it on level 1 of the Dungeon)
 n - a +6 ring of dexterity (left hand)
   (You found it on level 2 of the Dungeon)
Scrolls
 j - a scroll of poison
 R - 3 scrolls of identify {@r1}
Potions
 d - a potion of might
 f - a potion of berserk rage
 h - 3 potions of resistance
 k - 3 potions of mutation {!q}
 H - a potion of haste


   Skills:
 - Level 3.0 Fighting
 + Level 5.5 Axes
 - Level 2.6 Armour
 - Level 2.6 Shields


You had 4 spell levels left.
You didn't know any spells.
Your spell library contained the following spells:

 Spells                   Type           Power      Damage    Failure   Level
 Magic Dart               Conj           0%         1d3       86%         1
 Ensorcelled Hibernation  Hex/Ice        0%         N/A       94%         2
 Passwall                 Tmut/Erth      0%         N/A       94%         2
 Searing Ray              Conj           0%         2d4       94%         2
 Swiftness                Air            0%         N/A       99%         3
 Fulminant Prism          Conj/Hex       0%         3d5       100%        4


Dungeon Overview and Level Annotations

Branches:
Dungeon (4/15)
 Temple: D:4-7

Altars:
Fedhas
Gozag
Kikubaaqudgha
Nemelex Xobeh
Wu Jian


Innate Abilities, Weirdness & Mutations

You have large cloven feet.
A meltable icy envelope protects you from harm. (AC +0)
A meltable shield of frost defends you. (SH +0)


Message History

You block the scorpion's attack.
You are too injured to fight recklessly!
You are too injured to fight recklessly!
You are too injured to fight recklessly!
You are too injured to fight recklessly!
You slice the orc priest!!
You kill the orc priest!
You hit the scorpion. The scorpion barely misses you.
The scorpion is distracted by your dazzling golden aura.
You have reached level 5!
The scorpion is no longer distracted by gold.
The howler monkey hoots and howls with incredible vigour!
You hear a shout! x2; You hear an angry hiss. x2
You closely miss the scorpion.
The scorpion is lightly wounded.
The scorpion stings you but does no damage.
You block the scorpion's attack.
A red film seems to cover your vision as you go berserk!
You feel yourself moving faster!
You feel mighty! You block the scorpion's attack. x2
The howler monkey hoots and howls with incredible vigour!
You hear a shout! x2; You hear an angry hiss.
You hear a shout! x4
You hear an angry hiss.
You slash the scorpion!
You kill the scorpion!
You hit the howler monkey. The howler monkey hits you.
* * * LOW HITPOINT WARNING * * *
Your Axes skill increases to level 5!
You closely miss the howler monkey. You kick the howler monkey!
The howler monkey is almost dead.
The howler monkey hits you but does no damage. x2
You barely miss the howler monkey.
The howler monkey is almost dead.
You block the howler monkey's attack.
The orc shouts!
You slash the howler monkey!
You kill the howler monkey!
An orc comes into view. It is wielding a +0 short sword.
The ball python is distracted by your dazzling golden aura.
An orc comes into view. It is wielding a +0 club.
The orc throws a boomerang.
You block the boomerang.
You see here 6 gold pieces.
You feel a strong urge to attack something.
The orc shouts! x2
You closely miss the ball python.
The ball python is no longer distracted by gold.
Your kick misses the ball python.
You are no longer berserk.
You are exhausted.
You feel yourself slow down. The ball python barely misses you.
You block the ball python's attack.
The orc throws a boomerang.
You block the boomerang.
You closely miss the orc. You kick the orc, but do no damage.
You barely miss the ball python. You block the ball python's attack.
The ball python grabs you. The ball python constricts you.
The ball python bites you but does no damage.
The ball python constricts you.
The orc hits you with a +1 hand axe of flaming.
* * * LOW HITPOINT WARNING * * *
Your icy defences dissipate!
The orc burns you.
* * * LOW HITPOINT WARNING * * *
The ball python bites you but does no damage.
The ball python constricts you.
The orc hits you with a +1 hand axe of flaming.
* * * LOW HITPOINT WARNING * * *
The orc burns you.
* * * LOW HITPOINT WARNING * * *
The ball python bites you but does no damage.
The ball python constricts you.
You feel better.
The orc throws a boomerang.
The boomerang hits you.
* * * LOW HITPOINT WARNING * * *
The orc hits you but does no damage.
The ball python bites you but does no damage.
The ball python constricts you.
* * * LOW HITPOINT WARNING * * *
The orc hits you with a +1 hand axe of flaming.
* * * LOW HITPOINT WARNING * * *
The orc burns you.
* * * LOW HITPOINT WARNING * * *
The orc is distracted by your dazzling golden aura.
A gnoll comes into view. It is wielding a +0 flail.
The ball python bites you but does no damage.
The ball python constricts you.
It was a potion of haste.
You feel yourself speed up.
H - a potion of haste The gnoll shouts!
The ball python bites you.
* * * LOW HITPOINT WARNING * * *
The ball python constricts you.
Okay, then.
Okay, then.
It was a potion of brilliance.
You feel clever all of a sudden. You block the ball python's attack.
The ball python constricts you.
An iguana comes into view.
The orc hits you with a +0 short sword.
You die...
Your body crumbles into a pile of gold.

#.......[...#...$#
..............# .#
............####.##
##...........#..?
............##.#
........##..#..######...
>...... ##....$.......o
....... #.....$$#....
#..... #....o@## .
...........o.S#
....>......oo..#
..........##.)....o
..##......# .......
........... ....g..
....#.............
...###......l....# #.
.....##


You could see an iguana (wandering), a gnoll, 4 orcs and a ball python.

Vanquished Creatures
  A scorpion (D:4)
  A howler monkey (D:4)
  An orc priest (D:4)
  6 adders
  A white imp (D:3)
  3 worms (D:2)
  2 dart slugs
  An orc (D:4)
  5 ball pythons
  2 bats (D:2)
  4 endoplasms
  A giant cockroach (D:3)
  2 goblins
  2 hobgoblins
  5 kobolds
  A quokka (D:2)
  2 frilled lizards (D:1)
  3 rats
43 creatures vanquished.

Notes
Turn   | Place    | Note
-------+----------+-------------------------------------------
     0 | D:1      | Dani the Demonspawn Fighter began the quest for the Orb.
     0 | D:1      | Reached XP level 1. HP: 18/18 MP: 1/1
   144 | D:1      | Reached skill level 2 in Axes
   414 | D:1      | Gained mutation: A meltable shield of frost defends you.
                  | (SH +0) [demonic ancestry]
   414 | D:1      | Reached XP level 2. HP: 24/24 MP: 2/2
  1035 | D:2      | Reached skill level 3 in Axes
  1093 | D:2      | Gained mutation: You have large cloven feet. [demonic
                  | ancestry]
  1093 | D:2      | Reached XP level 3. HP: 21/29 MP: 3/3
  1154 | D:2      | Found a faded altar of an unknown god.
  1170 | D:2      | Prayed at the altar of an unknown god.
  1170 | D:2      | Became a worshipper of Gozag Ym Sagoz the Greedy
  1528 | D:2      | Reached skill level 4 in Axes
  1528 | D:2      | Gained mutation: A meltable icy envelope protects you from
                  | harm. (AC +0) [demonic ancestry]
  1528 | D:2      | Reached XP level 4. HP: 35/35 MP: 4/4
  2237 | D:3      | Identified the +0 quarterstaff "Gyol" {vamp, rF+ Dex+2}
  2358 | D:3      | Found an ornate altar of the Wu Jian Council.
  2358 | D:3      | Found a blossoming altar of Fedhas.
  2358 | D:3      | Found an ancient bone altar of Kikubaaqudgha.
  2361 | D:3      | Found a sparkling altar of Nemelex Xobeh.
  2767 | D:4      | Noticed a scorpion
  2771 | D:4      | HP: 8/35 [orc priest/divine providence (12)]
  2773 | D:4      | Reached XP level 5. HP: 10/41 MP: 5/5
  2776 | D:4      | HP: 13/61 [howler monkey (4)]
  2777 | D:4      | Reached skill level 5 in Axes
  2783 | D:4      | HP: 8/41 [orc/+1 hand axe of flaming (2)]
  2786 | D:4      | Slain by an orc

Illustrated notes

Levels and vault maps discovered:
D:1:      lemuel_arrival_tunnels, layout_basic
D:2:      minmay_kobold_bridge, layout_loops_ring, basic_ecumenical_altar
D:3:      layout_loops_corners, minitemple
D:4:      layout_cave_pools, portal_sewer_entry_d

Skill      XL: |  1  2  3  4  5 |
---------------+----------------+-----
Axes           | 2 3 4 5 |  5.5
Fighting       | |  3.0
Armour         | |  2.6
Shields        | |  2.6

Action                     |  1- 3 |  4- 6 || total
---------------------------+-------+-------++-------
  Melee: War axe           |    76 |    52 ||   128
         Kick              |     6 |    15 ||    21
    Use: Scroll            |     4 |     9 ||    13
         Potion            |       |     4 ||     4
 Armour: Scale mail        |    30 |    36 ||    66
  Dodge: Dodged            |    24 |    33 ||    57
  Block: Buckler           |    29 |    29 ||    58

Levels and vault maps discovered:
D:1:      lemuel_arrival_tunnels, layout_basic
D:2:      minmay_kobold_bridge, layout_loops_ring, basic_ecumenical_altar
D:3:      layout_loops_corners, minitemple
D:4:      layout_cave_pools, portal_sewer_entry_d

Table legend: (Time is in decaauts)
 A = Elapsed time spent in this place.
 B = Non-inter-level travel time spent in this place.
 C = Inter-level travel time spent in this place.
 D = Time resting spent in this place.
 E = Time spent auto-exploring this place.
 F = Levels seen in this place.
 G = Mean time per level.
                   A        B        C        D        E       F      G
               +--------+--------+--------+--------+--------+-----+--------+
         Total |   2852 |   2782 |     70 |      4 |   2360 |   4 |  713.0 |
       Dungeon |   2852 |   2782 |     70 |      4 |   2360 |   4 |  713.0 |
               +--------+--------+--------+--------+--------+-----+--------+

Top non-repeatable levels by time:
     D:2: 940 daAuts
     D:3: 936 daAuts
     D:1: 877 daAuts
     D:4: 97 daAuts

Table legend:
 A = Kills in this place as a percentage of kills in the entire game.
 B = Kills by you in this place as a percentage of kills by you in the entire game.
 C = Kills by friends in this place as a percentage of kills by friends in the entire game.
 D = Other kills in this place as a percentage of other kills in the entire game.
 E = Experience gained in this place as a percentage of experience gained in the entire game.
 F = Experience gained in this place divided by the number of levels of this place that you have seen.
                   A       B       C       D       E      F
               +-------+-------+-------+-------+-------+----------------------
         Total | 100.0 | 100.0 |   N/A |   N/A | 100.0 |  83.5
       Dungeon | 100.0 | 100.0 |   N/A |   N/A | 100.0 |  83.5
               +-------+-------+-------+-------+-------+----------------------
